 Dungeon Crawl Stone Soup version 0.19.1 (webtiles) character file.

144 esteth the Magician (level 5, -3/28 HPs)
             Began as a Deep Elf Wizard on Dec 13, 2016.
             Slain by a goblin
             ... wielding a +0 dagger
             ... led by Robin
              (5 damage)
             ... on level 3 of the Dungeon.
             The game lasted 00:11:32 (2247 turns).

esteth the Magician (Deep Elf Wizard)               Turns: 2247, Time: 00:11:33

Health: -3/28      AC:  2    Str:  6    XL:     5   Next: 5%
Magic:  2/15       EV: 13    Int: 24    God:
Gold:   159        SH:  0    Dex: 13    Spells: 5 memorised, 5 levels left

rFire  . . .     SeeInvis .     f - +4 short sword
rCold  . . .     Gourm    .     a - +0 robe
rNeg   . . .     Faith    .     (no shield)
rPois  .         Spirit   .     b - +0 hat
rElec  .         Reflect  .     (no cloak)
rCorr  .         Harm     .     (no gloves)
MR     .....                    (no boots)
Stlth  ++........               (no amulet)
                                (no ring)
                                g - +2 ring of strength

@: lethally poisoned (-3 -> -7)
A: no striking features
a: no special abilities


You were on level 3 of the Dungeon.
You were full.

You visited 1 branch of the dungeon, and saw 3 of its levels.

You collected 159 gold pieces.

Inventory:

Hand Weapons
 f - a +4 short sword (weapon)
Armour
 a - a +0 robe (worn)
 b - a +0 hat (worn)
Jewellery
 g - a +2 ring of strength (left hand)
 n - a +4 ring of intelligence {unknown}
Scrolls
 i - 3 scrolls of identify {unknown}
 s - a scroll of teleportation {unknown}
Potions
 e - 3 potions of curing {unknown}
 j - a potion of magic {unknown}
 k - a potion of haste {unknown}
 l - a potion of flight {unknown}
 m - a potion of degeneration {unknown}
 o - a potion of agility {unknown}
 p - 2 potions of cure mutation {unknown}
 r - a potion of brilliance {unknown}
 t - a potion of ambrosia {unknown}
Books
 c - a book of Minor Magic

   Spells                             Type                      Level
   a - Magic Dart                     Conjuration                  1
   b - Blink                          Translocation                2
   c - Call Imp                       Summoning                    2
   d - Repel Missiles                 Charms/Air                   2
   e - Slow                           Hexes                        2
   f - Conjure Flame                  Conjuration/Fire             3
   g - Mephitic Cloud                 Conjuration/Poison/Air       3
Comestibles
 d - a bread ration
 h - a beef jerky
 q - a meat ration


   Skills:
 - Level 2.4 Dodging
 - Level 2.4 Stealth
 + Level 6.3 Spellcasting
 + Level 3.8 Conjurations
 - Level 1.1 Summonings
 - Level 1.1 Translocations


You had 5 spell levels left.
You knew the following spells:

 Your Spells              Type           Power        Failure   Level  Hunger
a - Magic Dart            Conj           ####         1%          1    None
b - Blink                 Tloc           N/A          10%         2    None
c - Call Imp              Summ           ##......     10%         2    None
d - Conjure Flame         Conj/Fire      ###.....     12%         3    None
e - Mephitic Cloud        Conj/Pois/Air  ##......     17%         3    None


Dungeon Overview and Level Annotations

Branches:
Dungeon (3/15)

Altars:
Nemelex Xobeh
Okawaru

Annotations:
D:3 Robin


Message History

Items here: ! ( [ † a stone; a dyed leather armour; a murky yellow potion the goblin corpse of Ijyb
Casting: Call Imp
Confirm with . or Enter, or press ? or * to list all spells.
You don't have enough magic to cast that spell.
* * * LOW HITPOINT WARNING * * *
You feel sick. The goblin hits your crimson imp.
The hobgoblin hits your crimson imp but does no damage.
Your crimson imp closely misses the hobgoblin.
Robin throws the goblin at you! The goblin barely misses you.
* * * LOW HITPOINT WARNING * * *
You feel sick.
Robin roars a battlecry!
Your crimson imp blinks!
The goblin barely misses you. The adder bites you.
* * * LOW HITPOINT WARNING * * *
The goblin hits you with a dagger.
You die...

.......# #..... #..
.......# #..... ..
......###..... ..
.............. #.
####...##..... # ##.
##.............
####.#..##.g.....<.#####
.......#.......§...#
.......@S##........###
.......#g.g.).........
.........##5.......###
.......####.(......#
....... #()......#
....... #5g......#
....... #.g......#
####### ##########


You could see Robin, an adder, a hobgoblin, a goblin and a friendly crimson imp.

Vanquished Creatures
  Terence (D:2)
  4 gnolls (D:2)
  An adder (D:2)
  2 worms (D:2)
  A dart slug (D:2)
  2 leopard geckos (D:1)
  An orc (D:2)
  6 bats
  A giant cockroach (D:2)
  7 goblins
  6 hobgoblins
  4 frilled lizards
  3 kobolds
  14 rats
53 creatures vanquished.

Vanquished Creatures (collateral kills)
  Ijyb (D:3)
  A worm (D:2)
  A goblin (D:3)
  A bat (D:2)
4 creatures vanquished.

Grand Total: 57 creatures vanquished

Notes
Turn   | Place    | Note
-------+----------+-------------------------------------------
     0 | D:1      | esteth the Deep Elf Wizard began the quest for the Orb.
     0 | D:1      | Reached XP level 1. HP: 10/10 MP: 7/7
   478 | D:1      | Reached XP level 2. HP: 11/15 MP: 6/9
   487 | D:1      | Learned a level 2 spell: Blink
   490 | D:1      | Learned a level 2 spell: Call Imp
   770 | D:2      | Reached skill level 5 in Spellcasting
   823 | D:2      | Found a sparkling altar of Nemelex Xobeh.
   857 | D:2      | Reached XP level 3. HP: 17/19 MP: 0/11
  1156 | D:2      | Learned a level 3 spell: Conjure Flame
  1160 | D:2      | Learned a level 3 spell: Mephitic Cloud
  1517 | D:2      | Found an iron altar of Okawaru.
  1524 | D:2      | Reached XP level 4. HP: 23/24 MP: 1/13
  1530 | D:2      | Reached skill level 6 in Spellcasting
  1696 | D:3      | Noticed Robin
  1830 | D:3      | Noticed Terence
  1837 | D:3      | Noticed Ijyb
  1944 | D:2      | Killed Terence
  2109 | D:3      | Killed Ijyb
  2109 | D:3      | Reached XP level 5. HP: 16/28 MP: 7/15
  2247 | D:3      | Slain by a goblin

Skill      XL: |  1  2  3  4 |
---------------+-------------+-----
Conjurations   | 2 3 |  3.8
Spellcasting   | 5 6 |  6.3
Dodging        | |  2.4
Stealth        | |  2.4
Summonings     | |  1.1
Translocations | |  1.1

Action                   |  1- 3 |  4- 6 || total
-------------------------+-------+-------++-------
Melee: Short sword       |    10 |     7 ||    17
 Cast: Magic Dart        |    64 |    34 ||    98
       Call Imp          |     3 |     7 ||    10
       Mephitic Cloud    |     1 |     5 ||     6
       Conjure Flame     |     1 |     3 ||     4
  Eat: Bread ration      |       |     2 ||     2
Armor: Robe              |     6 |     6 ||    12
Dodge: Dodged            |    25 |    37 ||    62
